 Dungeon Crawl Stone Soup version 0.21-a0-480-g5da0f0d (webtiles) character file.

1378 Charmandara the Martial Artist (level 8, 0/62 HPs)
             Began as a Black Draconian Transmuter on Nov 22, 2017.
             Was an Initiate of Wu Jian.
             Slain by an iguana (8 damage)
             ... on level 6 of the Dungeon.
             The game lasted 00:17:31 (6497 turns).

Charmandara the Martial Artist (DrTm)               Turns: 6497, Time: 00:17:31

Health: 0/62       AC:  6    Str: 12    XL:     8   Next: 39%
Magic:  11/11      EV: 11    Int: 16    God:    Wu Jian [......]
Gold:   228        SH:  0    Dex: 12    Spells: 5/11 levels left

rFire    . . .     SeeInvis .     - Unarmed
rCold    . . .     Gourm    .   (no shield)
rNeg     . . .     Faith    .   (armour unavailable)
rPois    .         Spirit   .   (helmet restricted)
rElec    +         Reflect  .   (no cloak)
rCorr    .         Harm     .   (no gloves)
MR       .....                  (no boots)
Stlth    ++........             (no amulet)
HPRegen  0.20/turn              o - ring of stealth {Stlth+}
MPRegen  0.12/turn              (no ring)

@: heavily drained
A: breathe lightning, unfitting armour, electricity resistance, cold-blooded, AC
+6
a: Breathe Lightning, Renounce Religion


You were on level 6 of the Dungeon.
You worshipped Wu Jian.
Wu Jian was noncommittal.
You were near starving.

You visited 2 branches of the dungeon, and saw 7 of its levels.

You collected 228 gold pieces.

Inventory:

Hand Weapons
 u - a +2 dagger of venom
   (You took it off an orc wizard on level 5 of the Dungeon)
Missiles
 a - 69 arrows
 r - 3 tomahawks of dispersal {=f}
Jewellery
 n - an uncursed amulet of harm
   (You found it on level 3 of the Dungeon)
 o - a ring of stealth (left hand) {Stlth+}
   (You found it on level 5 of the Dungeon)
Wands
 p - a wand of polymorph (15)
   (You found it on level 6 of the Dungeon)
Scrolls
 d - a scroll of magic mapping {!r}
 e - 4 scrolls of teleportation
 f - 6 scrolls of remove curse
 g - 2 scrolls of enchant armour
 k - 2 scrolls of fog
 s - a scroll of immolation {unknown}
 w - a scroll of blinking {unknown}
Potions
 j - a potion of cancellation
 l - 2 potions of mutation {!q}
 m - 2 potions of flight
 q - 2 potions of degeneration {!q}
 t - a potion of resistance
Books
 b - a book of Changes
Comestibles
 c - 4 bread rations {@e1}
 h - 8 fruits
 i - 3 meat rations {@e2}
 v - 2 royal jellies


   Skills:
 + Level 2.5(0.9) Fighting
 - Level 1.7(0.1) Dodging
 * Level 10.5(8.4) Unarmed Combat
 - Level 2.0(0.4) Spellcasting
 - Level 2.0(0.4) Transmutations


You had 5 spell levels left.
You knew the following spells:

 Your Spells              Type           Power        Failure   Level  Hunger
a - Beastly Appendage     Tmut           #.....       21%         1    ##.....
c - Spider Form           Tmut/Pois      #.........   56%         3    ####...
s - Sticks to Snakes      Tmut           #.......     30%         2    ###....


Dungeon Overview and Level Annotations

Branches:
Dungeon (6/15)             Temple (1/1) D:5

Altars:
Ashenzari
Cheibriados
Dithmenos
Elyvilon
Fedhas
Gozag
Hepliaklqana
Kikubaaqudgha
Makhleb
Nemelex Xobeh
Okawaru
Qazlal
Ru
Sif Muna
Trog
Uskayaw
Vehumet
Wu Jian
Xom
Yredelemnul
Zin
The Shining One


Innate Abilities, Weirdness & Mutations

You can breathe wild blasts of lightning.
Your glossy black scales are hard. (AC +6)
You cannot fit into any form of body armour.
You are resistant to electric shocks. (rElec)
You are cold-blooded and may be slowed by cold attacks.


Message History

Unknown command.
The killer bee stings you. The killer bee misses you.
The killer bee stings you but does no damage.
An orc comes into view.
You take 2 damage, and have 27/62 hp.
Unknown command.
Your transformation is almost over.
Your surroundings suddenly seem different.
MP restored: 11 Unknown command.
You feel sick.
You take 1 damage, and have 27/62 hp.
You feel sick.
You start resting.
Your talons disappear.
Unknown command.
You aren't carrying any wearable armour.
Remove which piece of jewellery? (? for menu, Esc to quit)
Really remove
n - an amulet of harm?
Okay, then.
Unknown command.
Remove which piece of jewellery? (? for menu, Esc to quit)
Really remove
n - an amulet of harm?
You remove your amulet of harm.
The amulet drains your life force as you remove it!
You feel drained.
Unknown command.
You start resting.
You feel sick. x2
You are no longer poisoned.
You take 1 damage, and have 26/62 hp.
Unknown command.
You start resting.
You have got your breath back.
You regained 2 hp, and now have 28/62 hp.
Unknown command.
You start resting.
You are feeling very hungry.
Unknown command.
You start resting.
Health restored: 62 Unknown command.
Okay, then.
You open the door.
There is an open door here.
You open the door.
There is an open door here.
You are near starving!
You hear a distant slurping noise.
There is an open door here.
Found a stone staircase leading down.
An ogre comes into view. It is wielding a giant club.
The ogre shouts!
You see here a wand of polymorph (18).
p - a wand of polymorph (18)
Your feet morph into talons.
You now have 10/11 mp.
Unknown command.
You hit the ogre. Your kick misses the ogre. You tail-slap the ogre.
The ogre closely misses you.
You barely miss the ogre. The ogre hits you with a giant club!
You take 11 damage, and have 51/62 hp.
You barely miss the ogre. Your kick misses the ogre. You hit the ogre.
Your kick misses the ogre. The ogre hits you with a giant club!
You take 7 damage, and have 44/62 hp.
You hit the ogre. The ogre hits you with a giant club!!
* * * LOW HITPOINT WARNING * * *
You hear a distant slurping noise.
You take 30 damage, and have 14/62 hp.
MASSIVE DAMAGE!!
Okay, then.
Okay, then.
Aim: an ogre, wielding a giant club (moderately wounded, chance to defeat MR: 46%)
The ogre evaporates and reforms as a swamp drake!
Unknown command.
Unknown command.
Aim: a swamp drake (chance to defeat MR: 46%)
The swamp drake evaporates and reforms as a killer bee!
The killer bee stings you but does no damage.
MP restored: 11 Unknown command.
Aim: a killer bee (chance to defeat MR: 54%)
The killer bee evaporates and reforms as an iguana!
The iguana misses you.
Unknown command.
You closely miss the iguana. You claw the iguana, but do no damage.
Your talons disappear.
You punch the iguana!
You tail-slap the iguana, but do no damage.
You punch the iguana. The iguana bites you!
* * * LOW HITPOINT WARNING * * *
You take 7 damage, and have 8/62 hp.
Unknown command.
You hit the iguana but do no damage. The iguana bites you.
* * * LOW HITPOINT WARNING * * *
You take 1 damage, and have 7/62 hp.
Unknown command.
Okay, then.
You hit the iguana. The iguana bites you!
You die...

......#############
.....#.....'......
.....#.....#......
.....##..#########
#.....#..#####....
#...[>#......'....
+)....#......#....
#l....########....
#@......# #......
#.......# #......
#.......# #......
#.......# #......
#.......# #......
#.......# #......
#.....).####......
....................
....................


You could see an iguana.

Vanquished Creatures
  Grinder (D:3)
  Sigmund (D:2)
  A sky beast (D:5)
  2 ogres (D:5)
  A centaur (D:5)
  A phantom (D:5)
  A scorpion (D:5)
  A centaur zombie (D:5)
  A hound (D:4)
  A centaur skeleton (D:6)
  3 orc priests
  6 orc wizards (D:5)
  Jessica (D:2)
  A worker ant (D:5)
  Robin (D:2)
  8 adders
  3 shadow imps (D:5)
  An ooze (D:1)
  A worm (D:2)
  A dart slug (D:5)
  4 leopard geckos
  16 orcs
  8 bats
  3 giant cockroaches
  14 goblins
  8 hobgoblins
  9 jackals
  A ball python (D:2)
  2 frilled lizards
  A kobold (D:2)
  A leopard gecko skeleton (D:4)
  A leopard gecko zombie (D:6)
  5 rats
110 creatures vanquished.

Vanquished Creatures (collateral kills)
  Natasha (D:2)
  2 orcs (D:3)
  A frilled lizard (D:3)
4 creatures vanquished.

Grand Total: 114 creatures vanquished

Notes
Turn   | Place    | Note
-------+----------+-------------------------------------------
     0 | D:1      | Charmandara the Draconian Transmuter began the quest for the Orb.
     0 | D:1      | Reached XP level 1. HP: 16/16 MP: 3/3
   188 | D:1      | Reached XP level 2. HP: 23/23 MP: 3/5
   428 | D:1      | Reached skill level 4 in Unarmed Combat
   692 | D:1      | Reached XP level 3. HP: 21/28 MP: 6/6
   696 | D:1      | Learned a level 2 spell: Sticks to Snakes
   700 | D:1      | Learned a level 3 spell: Spider Form
  1043 | D:2      | Noticed Jessica
  1054 | D:2      | Noticed Robin
  1195 | D:2      | Found a shattered altar of Ashenzari.
  1224 | D:2      | Reached XP level 4. HP: 26/35 MP: 1/7
  1308 | D:2      | Killed Jessica
  1308 | D:2      | Reached skill level 5 in Unarmed Combat
  1573 | D:2      | Noticed Sigmund
  2278 | D:3      | Noticed Grinder
  2293 | D:3      | Paralysed by Grinder for 2 turns
  2296 | D:3      | Killed Grinder
  2296 | D:3      | Reached skill level 6 in Unarmed Combat
  2296 | D:3      | Reached XP level 5. HP: 25/40 MP: 2/8
  2410 | D:3      | Reached XP level 6. HP: 47/47 MP: 7/9
  2522 | D:3      | Reached skill level 7 in Unarmed Combat
  3170 | D:2      | Killed Sigmund
  3189 | D:2      | Killed Robin
  3443 | D:2      | Noticed Natasha
  3454 | D:2      | Killed Natasha
  3677 | D:4      | Reached skill level 8 in Unarmed Combat
  3743 | D:4      | Your scales start taking on a glossy black colour.
  3743 | D:4      | Reached XP level 7. HP: 51/52 MP: 8/10
  3743 | D:4      | Gained mutation: You are resistant to electric shocks. (rElec) [Black Draconian growth]
  4107 | D:4      | Found a radiant altar of Vehumet.
  4156 | D:5      | Entered Level 5 of the Dungeon
  4466 | D:5      | Found a staircase to the Ecumenical Temple.
  4472 | Temple   | Entered the Ecumenical Temple
  4505 | Temple   | Became a worshipper of the Wu Jian Council
  4839 | D:5      | Reached skill level 9 in Unarmed Combat
  5176 | D:5      | Reached XP level 8. HP: 49/59 MP: 9/11
  5197 | D:5      | Reached skill level 10 in Unarmed Combat
  5398 | D:5      | HP: 14/59 [poisoned by a scorpion]
  5552 | D:5      | Reached skill level 2 in Fighting
  6489 | D:6      | HP: 14/62 [ogre/giant club (30)]
  6495 | D:6      | HP: 8/62 [iguana (7)]
  6497 | D:6      | Slain by an iguana

Vault maps used:
D:1:      wheals_arrival_linesprint, minmay_tetromino_l2
D:2:      first_bread, ashenzari_altar_1, uniq_robin, uniq_sigmund,
          uniq_natasha, uniq_jessica
D:3:      serial_co_window_serial, co_window_paths_a, co_window_paths_a,
          co_window_paths_a, co_window_corner_a, co_window_paths_b,
          co_window_of_opportunity_a, co_window_paths_b, co_window_broadway_c,
          co_window_cross_3, co_window_2corner, co_window_broadway_a,
          co_window_cross_2, co_window_of_opportunity_c, co_window_paths_d,
          glass_columns_a, glass_columns_a, glass_columns_a, glass_columns_c,
          glass_columns_a, uniq_grinder
D:4:      overflow_temple_1_default
D:5:      minmay_temple_entry_enclosed_plants, hangedman_minor_gate_pass
Temple:   grunt_wide_crystal_templ

Skill      XL: |  1  2  3  4  5  6  7  8 |
---------------+-------------------------+-----
Unarmed Combat | 4 6 8 9 10 | 10.5
Fighting       | 2 |  2.5
Dodging        | |  1.7
Spellcasting   | |  2.0
Transmutations | |  2.0

Action                   |  1- 3 |  4- 6 |  7- 9 || total
-------------------------+-------+-------+-------++-------
Melee: Unarmed           |    96 |   130 |   140 ||   366
       Headbutt          |     5 |     6 |     4 ||    15
       Kick              |     8 |     3 |    16 ||    27
       Tailslap          |     7 |    11 |    11 ||    29
       Punch             |     1 |       |     5 ||     6
 Cast: Beastly Appendage |    23 |    23 |    25 ||    71
       Sticks to Snakes  |     4 |    13 |     8 ||    25
       Spider Form       |       |     1 |     1 ||     2
 Abil: Breathe Lightning |       |       |     7 ||     7
Evoke: Wand              |       |       |     3 ||     3
  Use: Scroll            |     3 |     7 |     7 ||    17
       Potion            |       |     1 |     4 ||     5
 Stab: Sleeping          |     1 |     1 |       ||     2
       Distracted        |       |     3 |     1 ||     4
  Eat: Chunk             |     2 |    10 |     9 ||    21
Armor: Skin              |    33 |    41 |    43 ||   117
Dodge: Dodged            |    68 |    76 |    85 ||   229

Table legend:
 A = Spawn XP
 B = Non-spawn XP
 C = Spawn XP percentage of total XP
 D = Spawn monster count
 E = Non-spawn monster count
 F = Spawn count percentage of total count
 G = Total turns spent on level
                    A         B        C        D         E        F      G
               +---------+---------+-------+---------+---------+-------+---------
         Total |       0 |    1969 |   0.0 |       0 |     114 |   0.0 |  6497
               +---------+---------+-------+---------+---------+-------+---------
           D:1 |       0 |      52 |   0.0 |       0 |      25 |   0.0 |  1057
           D:2 |       0 |     345 |   0.0 |       0 |      24 |   0.0 |  1058
           D:3 |       0 |     316 |   0.0 |       0 |      25 |   0.0 |  1482
           D:4 |       0 |      66 |   0.0 |       0 |       6 |   0.0 |   601
           D:5 |       0 |    1148 |   0.0 |       0 |      32 |   0.0 |  1882
           D:6 |       0 |      42 |   0.0 |       0 |       2 |   0.0 |   334
               +---------+---------+-------+---------+---------+-------+---------

Vault maps used:
D:1:      wheals_arrival_linesprint, minmay_tetromino_l2
D:2:      first_bread, ashenzari_altar_1, uniq_robin, uniq_sigmund,
          uniq_natasha, uniq_jessica
D:3:      serial_co_window_serial, co_window_paths_a, co_window_paths_a,
          co_window_paths_a, co_window_corner_a, co_window_paths_b,
          co_window_of_opportunity_a, co_window_paths_b, co_window_broadway_c,
          co_window_cross_3, co_window_2corner, co_window_broadway_a,
          co_window_cross_2, co_window_of_opportunity_c, co_window_paths_d,
          glass_columns_a, glass_columns_a, glass_columns_a, glass_columns_c,
          glass_columns_a, uniq_grinder
D:4:      overflow_temple_1_default
D:5:      minmay_temple_entry_enclosed_plants, hangedman_minor_gate_pass
Temple:   grunt_wide_crystal_templ

Table legend:
 A = Turns spent in this place as a percentage of turns spent in the entire game.
 B = Non-inter-level travel turns spent in this place as a percentage of non-inter-level travel turns spent in the entire game.
 C = Inter-level travel turns spent in this place as a percentage of turns spent in this place.
 D = Turns resting spent in this place as a percentage of non-inter-level travel turns spent in this place.
 E = Turns spent auto-exploring this place as a percentage of non-inter-level travel turns spent in this place.
 F = Non-inter-level travel turns spent in this place divided by the number of levels of this place that you've seen.
                   A       B       C       D       E      F
               +-------+-------+-------+-------+-------+----------------------
         Total | 100.0 | 100.0 |   3.8 |  30.1 |  47.7 | 893.0
       Dungeon |  98.7 |  98.8 |   3.7 |  30.5 |  47.2 | 1029.8
        Temple |   1.3 |   1.2 |  13.3 |   0.0 |  90.3 |  72.0
               +-------+-------+-------+-------+-------+----------------------

Table legend:
 A = Kills in this place as a percentage of kills in entire the game.
 B = Kills by you in this place as a percentage of kills by you in the entire game.
 C = Kills by friends in this place as a percentage of kills by friends in the entire game.
 D = Other kills in this place as a percentage of other kills in the entire game.
 E = Experience gained in this place as a percentage of experience gained in the entire game.
 F = Experience gained in this place divided by the number of levels of this place that you have seen.
                   A       B       C       D       E      F
               +-------+-------+-------+-------+-------+----------------------
         Total | 100.0 | 100.0 | 100.0 |   N/A | 100.0 | 281.3
       Dungeon | 100.0 | 100.0 | 100.0 |   N/A | 100.0 | 328.2
               +-------+-------+-------+-------+-------+----------------------
